Workbook

Sheet 交付申請書（様式第１ー１号）
A1: 様式第１－１号（第８条関係）
O3: 第 | U3: 号
O4: 令和 | Q4: 年 | S4: 月 | U4: 日 | V4: =O4&P4&Q4&R4&S4&T4&U4 -> 令和年月日
A6: 香川県知事 殿
M8: 所在地 〒
M10: 法人名
M11: 代表者職・氏名
C14: 令和 | E14: 年度香川県相談支援専門員等の安全確保に係る費用補助金交付申請書
B18: 標記の補助金について、交付要綱第８条の規定により、下記のとおり申請します。
A20: 記
A22: １ 交付申請額 | F22: 金 | G22: ='事業計画書（様式第１ー２号）相談支援'!P19 -> 0 | M22: 円
A24: ２ 添付書類 | E24: FALSE | F24: （１）事業計画書（様式第１－２号） | Q24: 別紙のとおり
E25: FALSE | F25: （２）市町長同意書（様式第１－３号） | Q25: 別添のとおり
E26: FALSE | F26: （３）県税の納税証明書
E27: FALSE | F27: （４）暴力団排除等に関する誓約書（様式第２号）
E28: FALSE | F28: （５）その他知事が必要と認める書類
E29: FALSE | F29: （６）交付申請チェックリスト
E30: ↑
E31: 提出書類に添付したことを確認してチェック（✓）してください。

Sheet 事業計画書（様式第１ー２号）相談支援
A1: 様式第１－２号（第８条関係）相談支援専門員
B2: 事 業 計 画 書
A4: １ 補助申請額
C5: （単位：円）
B6: 補助申請金額 | P6: 法人等名
B7: =P19 -> 0 | P7: ='交付申請書（様式第１ー１号）'!N10 -> 0
A11: ２ 事業計画内訳 | P11: （単位：円）
B12: No | C12: 事業所名 | D12: 事業所番号 | E12: サービス等種類 | F12: 受給者証番号 （ない場合無しと記載） | G12: 利用者氏名 | H12: 暴力行為等を行う者の氏名 （利用者と異なる場合は続柄） | I12: 暴力行為等の内容 | J12: 訪問する相談支援専門員等の氏名 | K12: 同行者の氏名 | L12: 同行者の所属 | M12: 同行者の職種 | N12: 補助基準額 （ｱ） | O12: 訪問予定月数 （ｲ） | P12: 補助金額（ｳ） (ｱ)×(ｲ) | Q12: 訪問予定月
B13: 例 | C13: ◆◆相談支援事業所 | D13: 3732999999 | E13: 計画相談支援 | F13: xxxxxxxxxx | G13: ●● ●● | H13: ▲▲ ▲▲（父） | I13: 大声を出す・机を叩く等の威圧的な態度が散見される。 リモコン等を投げつけたり、出口を塞いだりすることがある。 | J13: ■■ ■■ | K13: ▼▼ ▼▼ | L13: ◆◆相談支援支援事業所 | M13: 事務員 | N13: 5000 | O13: 2 | P13: 10000 | Q13: 令和８年12月、令和９年２月
B14: 1 | N14: 5000 | P14: =N14*O14 -> 0
B15: 2 | N15: 5000 | P15: =N15*O15 -> 0
B16: 3 | N16: 5000 | P16: =N16*O16 -> 0
B17: 4 | N17: 5000 | P17: =N17*O17 -> 0
B18: 5 | N18: 5000 | P18: =N18*O18 -> 0
O19: 合計 | P19: =SUM(P14:P18) -> 0

Sheet 事業計画書（様式第１ー２号）ヘルパー
A1: 様式第１－２号（第８条関係）居宅介護従業者・重度訪問介護従業者・行動援護従業者
B2: 事 業 計 画 書
A4: １ 補助申請額
C5: （単位：円）
B6: 補助申請金額 | Q6: 法人等名
B7: =Q20 -> 0 | Q7: ='交付申請書（様式第１ー１号）'!N10 -> 0
A11: ２ 事業計画内訳
Q12: （単位：円）
B13: No | C13: 事業所名 | D13: 事業所番号 | E13: サービス種類 | F13: 受給者証番号 | G13: 利用者氏名 | H13: 暴力行為等を行う者の氏名 （利用者と異なる場合は続柄） | I13: 暴力行為等の内容 | J13: 訪問する居宅介護従業者等の氏名 | K13: 訪問する居宅介護従業者等の職種 | L13: 同行者の氏名 | M13: 同行者の所属 | N13: 同行者の職種 | O13: 補助基準額 （ｱ） | P13: 訪問予定回数 （ｲ） | Q13: 補助金額（ｳ） (ｱ)×(ｲ) | R13: 訪問予定日
B14: 例 | C14: ◆◆居宅介護事業所 | D14: 3712999999 | E14: 居宅介護 | F14: xxxxxxxxxx | G14: ●● ●● | H14: ▲▲ ▲▲（父） | I14: 大声を出す・机を叩く等の威圧的な態度が散見される。 リモコン等を投げつけたり、出口を塞いだりすることがある。 | J14: ■■ ■■ | K14: 介護福祉士 | L14: ▼▼ ▼▼ | M14: ××警備保障株式会社 | N14: 警備員 | O14: 1630 | P14: 7 | Q14: =O14*P14 -> 11410 | R14: 令和８年12月１日・８日・15日・22日 令和９年１月12日・19日・26日
B15: 1 | O15: 1630 | Q15: =O15*P15 -> 0
B16: 2 | O16: 1630 | Q16: =O16*P16 -> 0
B17: 3 | O17: 1630 | Q17: =O17*P17 -> 0
B18: 4 | O18: 1630 | Q18: =O18*P18 -> 0
B19: 5 | O19: 1630 | Q19: =O19*P19 -> 0
P20: 合計 | Q20: =SUM(Q15:Q19) -> 0

Sheet 市町同意書（様式第１ー３号）相談支援
A1: 様式第１－３号（第８条関係）相談支援専門員
B2: 市 町 長 同 意 書
A4: １ 補助必要額
C5: （単位：円）
B6: 補助金額 Ａ | I6: 法人等名
B7: ='事業計画書（様式第１ー２号）相談支援'!B7 -> 0 | I7: ='事業計画書（様式第１ー２号）相談支援'!P7 -> 0
B8: （注）１ Ａ欄には内訳の（ｳ）の合計額を記載する。
A11: ２ 事業計画内訳
B12: No | C12: 事業所名 | D12: サービス種類 | E12: 受給者証番号 | F12: 利用者氏名 | G12: 暴力行為等を行う者の氏名 （利用者と異なる場合は続柄） | H12: 複数訪問が必要な理由 | I12: 訪問予定月
B13: 例 | C13: ='事業計画書（様式第１ー２号）相談支援'!C13 -> ◆◆相談支援事業所 | D13: ='事業計画書（様式第１ー２号）相談支援'!E13 -> 計画相談支援 | E13: ='事業計画書（様式第１ー２号）相談支援'!F13 -> xxxxxxxxxx | F13: ='事業計画書（様式第１ー２号）相談支援'!G13 -> ●● ●● | G13: ='事業計画書（様式第１ー２号）相談支援'!H13 -> ▲▲ ▲▲（父） | H13: これまでのサービス提供の中で、利用者の父が相談支援専門員に対し、度々暴言や身体的な暴力を行う傾向があり、定期的な複数訪問によって安全確保を図る必要があるため。 | I13: ='事業計画書（様式第１ー２号）相談支援'!Q13 -> 令和８年12月、令和９年２月
B14: 1 | C14: ='事業計画書（様式第１ー２号）相談支援'!C14 -> 0 | D14: ='事業計画書（様式第１ー２号）相談支援'!E14 -> 0 | E14: ='事業計画書（様式第１ー２号）相談支援'!F14 -> 0 | F14: ='事業計画書（様式第１ー２号）相談支援'!G14 -> 0 | G14: ='事業計画書（様式第１ー２号）相談支援'!H14 -> 0 | I14: ='事業計画書（様式第１ー２号）相談支援'!Q14 -> 0
B15: 2 | C15: ='事業計画書（様式第１ー２号）相談支援'!C15 -> 0 | D15: ='事業計画書（様式第１ー２号）相談支援'!E15 -> 0 | E15: ='事業計画書（様式第１ー２号）相談支援'!F15 -> 0 | F15: ='事業計画書（様式第１ー２号）相談支援'!G15 -> 0 | G15: ='事業計画書（様式第１ー２号）相談支援'!H15 -> 0 | I15: ='事業計画書（様式第１ー２号）相談支援'!Q15 -> 0
B16: 3 | C16: ='事業計画書（様式第１ー２号）相談支援'!C16 -> 0 | D16: ='事業計画書（様式第１ー２号）相談支援'!E16 -> 0 | E16: ='事業計画書（様式第１ー２号）相談支援'!F16 -> 0 | F16: ='事業計画書（様式第１ー２号）相談支援'!G16 -> 0 | G16: ='事業計画書（様式第１ー２号）相談支援'!H16 -> 0 | I16: ='事業計画書（様式第１ー２号）相談支援'!Q16 -> 0
B17: 4 | C17: ='事業計画書（様式第１ー２号）相談支援'!C17 -> 0 | D17: ='事業計画書（様式第１ー２号）相談支援'!E17 -> 0 | E17: ='事業計画書（様式第１ー２号）相談支援'!F17 -> 0 | F17: ='事業計画書（様式第１ー２号）相談支援'!G17 -> 0 | G17: ='事業計画書（様式第１ー２号）相談支援'!H17 -> 0 | I17: ='事業計画書（様式第１ー２号）相談支援'!Q17 -> 0
B18: 5 | C18: ='事業計画書（様式第１ー２号）相談支援'!C18 -> 0 | D18: ='事業計画書（様式第１ー２号）相談支援'!E18 -> 0 | E18: ='事業計画書（様式第１ー２号）相談支援'!F18 -> 0 | F18: ='事業計画書（様式第１ー２号）相談支援'!G18 -> 0 | G18: ='事業計画書（様式第１ー２号）相談支援'!H18 -> 0 | I18: ='事業計画書（様式第１ー２号）相談支援'!Q18 -> 0
B20: 香川県相談支援専門員等の安全確保に係る費用補助金交付要綱第４条第１項第１号に基づき、上記のとおり、利用者等による暴力行為等から訪問者及び同行者の安全を確保するため、複数訪問が必要であると認めます。
B22: 香川県知事 殿
G23: 文書番号 | I23: 市町事務担当課名
G24: 文書日付 | I24: 市町担当者職・氏名
G25: 市町長名 | I25: 市町担当者電話番号

Sheet 市町同意書（様式第１ー３号）ヘルパー
A1: 様式第１－３号（第８条関係）居宅介護従業者・重度訪問介護従業者・行動援護従業者
B2: 市 町 長 同 意 書
A4: １ 補助必要額
C5: （単位：円）
B6: 補助金額 Ａ | I6: 法人等名
B7: ='事業計画書（様式第１ー２号）相談支援'!B7 -> 0 | I7: ='事業計画書（様式第１ー２号）相談支援'!P7 -> 0
B8: （注）１ Ａ欄には内訳の（ｳ）の合計額を記載する。
A11: ２ 事業計画内訳
B12: No | C12: 事業所名 | D12: サービス種類 | E12: 受給者証番号 | F12: 利用者氏名 | G12: 暴力行為等を行う者の氏名 （利用者と異なる場合は続柄） | H12: 複数訪問が必要な理由 | I12: 訪問予定日
B13: 例 | C13: ='事業計画書（様式第１ー２号）ヘルパー'!C14 -> ◆◆居宅介護事業所 | D13: ='事業計画書（様式第１ー２号）ヘルパー'!D14 -> 3712999999 | E13: ='事業計画書（様式第１ー２号）ヘルパー'!F14 -> xxxxxxxxxx | F13: ='事業計画書（様式第１ー２号）ヘルパー'!G14 -> ●● ●● | G13: ='事業計画書（様式第１ー２号）ヘルパー'!H14 -> ▲▲ ▲▲（父） | H13: これまでのサービス提供の中で、利用者の父が相談支援専門員に対し、度々暴言や身体的な暴力を行う傾向があり、定期的な複数訪問によって安全確保を図る必要があるため。 | I13: ='事業計画書（様式第１ー２号）ヘルパー'!R14 -> 令和８年12月１日・８日・15日・22日 令和９年１月12日・19日・26日
B14: 1 | C14: ='事業計画書（様式第１ー２号）ヘルパー'!C15 -> 0 | D14: ='事業計画書（様式第１ー２号）ヘルパー'!D15 -> 0 | E14: ='事業計画書（様式第１ー２号）ヘルパー'!F15 -> 0 | F14: ='事業計画書（様式第１ー２号）ヘルパー'!G15 -> 0 | G14: ='事業計画書（様式第１ー２号）ヘルパー'!H15 -> 0 | I14: ='事業計画書（様式第１ー２号）ヘルパー'!R15 -> 0
B15: 2 | C15: ='事業計画書（様式第１ー２号）ヘルパー'!C16 -> 0 | D15: ='事業計画書（様式第１ー２号）ヘルパー'!D16 -> 0 | E15: ='事業計画書（様式第１ー２号）ヘルパー'!F16 -> 0 | F15: ='事業計画書（様式第１ー２号）ヘルパー'!G16 -> 0 | G15: ='事業計画書（様式第１ー２号）ヘルパー'!H16 -> 0 | I15: ='事業計画書（様式第１ー２号）ヘルパー'!R16 -> 0
B16: 3 | C16: ='事業計画書（様式第１ー２号）ヘルパー'!C17 -> 0 | D16: ='事業計画書（様式第１ー２号）ヘルパー'!D17 -> 0 | E16: ='事業計画書（様式第１ー２号）ヘルパー'!F17 -> 0 | F16: ='事業計画書（様式第１ー２号）ヘルパー'!G17 -> 0 | G16: ='事業計画書（様式第１ー２号）ヘルパー'!H17 -> 0 | I16: ='事業計画書（様式第１ー２号）ヘルパー'!R17 -> 0
B17: 4 | C17: ='事業計画書（様式第１ー２号）ヘルパー'!C18 -> 0 | D17: ='事業計画書（様式第１ー２号）ヘルパー'!D18 -> 0 | E17: ='事業計画書（様式第１ー２号）ヘルパー'!F18 -> 0 | F17: ='事業計画書（様式第１ー２号）ヘルパー'!G18 -> 0 | G17: ='事業計画書（様式第１ー２号）ヘルパー'!H18 -> 0 | I17: ='事業計画書（様式第１ー２号）ヘルパー'!R18 -> 0
B18: 5 | C18: ='事業計画書（様式第１ー２号）ヘルパー'!C19 -> 0 | D18: ='事業計画書（様式第１ー２号）ヘルパー'!D19 -> 0 | E18: ='事業計画書（様式第１ー２号）ヘルパー'!F19 -> 0 | F18: ='事業計画書（様式第１ー２号）ヘルパー'!G19 -> 0 | G18: ='事業計画書（様式第１ー２号）ヘルパー'!H19 -> 0 | I18: ='事業計画書（様式第１ー２号）ヘルパー'!R19 -> 0
B20: 香川県相談支援専門員等の安全確保に係る費用補助金交付要綱第４条第１項第１号に基づき、上記のとおり、利用者等による暴力行為等から訪問者及び同行者の安全を確保するため、複数訪問が必要であると認めます。
B22: 香川県知事 殿
G23: 文書番号 | I23: 市町事務担当課名
G24: 文書日付 | I24: 市町担当者職・氏名
G25: 市町長名 | I25: 市町担当者電話番号

Sheet 誓約書（様式第２号）
A1: 様式第２号（第８条関係）
H2: 令和 | I2: ='交付申請書（様式第１ー１号）'!P4 -> 0 | J2: 年 | K2: ='交付申請書（様式第１ー１号）'!R4 -> 0 | L2: 月 | M2: ='交付申請書（様式第１ー１号）'!T4 -> 0 | N2: 日
A5: 暴力団排除等に関する誓約書
A8: 香川県知事 殿
F11: 法人所在地 | H11: ='交付申請書（様式第１ー１号）'!N9 -> 0
F12: 法人名 | H12: ='交付申請書（様式第１ー１号）'!N10 -> 0
F13: 代表者職氏名 | H13: ='交付申請書（様式第１ー１号）'!N11 -> 0
A17: 当法人 （個人の場合にあっては私、団体の場合にあっては当団体）は、香川県補助金等交付規則（平成15年香川県規則第28号）第５条の２各号のいずれにも該当しないことを誓約します。
A18: また、このことに関して疑義が生じ、県から調査依頼等があった場合は、調査結果報告書を提出するなど、誠実に対応し、協力することを誓約します。
A19: これらの誓約が虚偽であり、又はこれらの誓約に反したことにより、当方が不利益を被ることになっても、異議は一切申し立てません。

Sheet 交付申請チェックリスト
A1: 香川県相談支援専門員等の安全確保に係る費用補助金交付申請チェックリスト
C3: 法人名 | D3: ='交付申請書（様式第１ー１号）'!N10 -> 0
A5: No. | B5: 確認内容 | C5: チェック欄 | D5: 備考
A6: 1 | B6: 相談支援事業所、居宅介護事業所、重度訪問介護事業所又は行動援護事業所のいずれかに該当しているか。 | C6: FALSE
A7: 2 | B7: 必要書類をすべて添付したか。
B8: （１）交付申請書（様式第１－１号） | C8: FALSE
B9: （２）事業計画書（様式第１ー２号） | C9: FALSE
B10: （３）市町長同意書（様式第１ー３号） | C10: FALSE
B11: （４）県税の納税証明書 | C11: FALSE | D11: 香川県税に滞納がない証明書
B12: （５）暴力団排除等に関する誓約書（様式第２号） | C12: FALSE
B13: （６）その他知事が必要と認める書類 | C13: FALSE | D13: 該当する資料がある場合のみ
B14: （７）交付申請チェックリスト | C14: FALSE
A15: 3 | B15: 香川県相談支援専門員等の安全確保に係る費用補助金交付要綱の内容を理解し、これに同意したか。 | C15: FALSE
A16: 4 | B16: 利用者等による暴力行為等から訪問者及び同行者の安全を確保するための費用についての申請か。 | C16: FALSE
A17: 5 | B17: 同行者は国又は地方公共団体の職員ではないか。 | C17: FALSE
A18: 6 | B18: 訪問先が共同生活援助事業所又は福祉ホームのいずれかに該当していないか。 | C18: FALSE
A19: 7 | B19: 国や他の地方公共団体等から類似の補助金等の交付を重複して受けていないか。 | C19: FALSE
A20: 8 | B20: （訪問者が相談支援専門員の場合）様式第１ー２号の事業計画書のうち「訪問予定月数」は各月２回以上を計上していないか。 | C20: FALSE | D20: 訪問者が相談支援専門員の場合、交付要綱第６条第２項により、補助の対象となる複数訪問回数は、１月あたり１回を上限としています。
A21: 9 | B21: （訪問者が居宅介護従事者、重度訪問介護従業者又は行動援護従業者の場合）様式第１ー２号の事業計画書のうち「訪問予定回数」は各月５回以上を計上していないか。 | C21: FALSE | D21: 訪問者が居宅介護従事者、重度訪問介護従業者又は行動援護従業者の場合、交付要綱第６条第２項により、補助の対象となる複数訪問回数は、１月あたり４回を上限としています。
A22: 10 | B22: （居宅介護）２人の居宅介護従事者による居宅介護に係る報酬を算定していないか。 （居宅介護）サービス提供責任者が同行することにより初回加算を算定していないか。 （重度訪問介護）２人の重度訪問介護従事者による重度訪問介護に係る報酬を算定していないか。 （重度訪問介護）サービス提供責任者が同行することにより初回加算を算定していないか。 （行動援護）２人の行動援護従事者による行動援護に係る報酬を算定していないか。 （行動援護）サービス提供責任者が同行することにより初回加算を算定していないか。 | C22: FALSE
A23: 11 | B23: 法人単位で申請しているか。 | C23: FALSE

Sheet 変更申請書(様式第３号)
A1: 様式第３号（第 11 条関係）
R3: 第 | X3: 号
R4: 令和 | T4: 年 | V4: 月 | X4: 日
A6: 香 川 県 知 事 殿
P8: 所在地 〒 | Q8: ='交付申請書（様式第１ー１号）'!N8 -> 0
Q9: ='交付申請書（様式第１ー１号）'!N9 -> 0
P10: 法人名 | Q10: ='交付申請書（様式第１ー１号）'!N10 -> 0
P11: 代表者職・氏名 | Q11: ='交付申請書（様式第１ー１号）'!N11 -> 0
C14: 令和 | D14: ='交付申請書（様式第１ー１号）'!D14 -> 0 | E14: 年度香川県相談支援専門員等の安全確保に係る費用補助金
C15: 変更（中止・廃止）承認申請書
B18: 令和 | D18: 年 | F18: 月 | H18: 日 | I18: 付け | N18: 号で交付決定があった標記補助金について、
A19: 下記のとおり変更（中止・廃止）の承認を受けたいので、関係書類を添えて申請します。
A21: 記
A23: １ 変更（中止・廃止）の内容
B27: ※必要に応じて、事業計画書（様式第１ー２号）の修正版を提出してください。修正した箇所は朱書きしてください。
A29: ２ 変更（中止・廃止）する理由
A34: ３ 変更（中止・廃止）後の補助金交付申請額
B35: 金 | I35: 円
M37: 事務担当者 | N37: 所属事業所名
N38: 氏名
N39: 電話番号
N40: メール

Sheet 実績報告書(様式第４号)
A1: 様式第４号（第12条関係）
O3: 第 | U3: 号
O4: 令和 | Q4: 年 | S4: 月 | U4: 日 | V4: =O4&P4&Q4&R4&S4&T4&U4 -> 令和年月日
A6: 香川県知事 殿
M8: 所在地 〒 | N8: ='交付申請書（様式第１ー１号）'!N8 -> 0
N9: ='交付申請書（様式第１ー１号）'!N9 -> 0
M10: 法人名 | N10: ='交付申請書（様式第１ー１号）'!N10 -> 0
M11: 代表者職・氏名 | N11: ='交付申請書（様式第１ー１号）'!N11 -> 0
C14: 令和 | D14: ='交付申請書（様式第１ー１号）'!D14 -> 0 | E14: 年度香川県相談支援専門員等の安全確保に係る費用補助金
C15: の実績報告について
B18: 標記補助金に関する事業の実績について、次のとおり書類を添付して報告します。
A20: 記
A22: １ 補助精算額 | F22: 金 | G22: ='実績報告書(様式第４号別紙)'!P37 -> 0 | M22: 円
A24: ２ 添付書類 | E24: FALSE | F24: （１）事業実績内訳書 | N24: 別紙のとおり
E25: FALSE | F25: （２）同行者が複数訪問を行ったことが分かる書類 別添のとおり
E26: FALSE | F26: （３）その他知事が必要と認める書類（必要ある場合のみ）
E27: ↑
E28: 提出書類に添付したことを確認してチェック（✓）してください。

Sheet 請求書(様式第５号)
A1: 様式第５号（第14条関係）
R3: 令和 | T3: 年 | V3: 月 | X3: 日
A5: 香 川 県 知 事 殿
P7: 所在地 〒 | Q7: ='実績報告書(様式第４号)'!N8 -> 0
Q8: ='実績報告書(様式第４号)'!N9 -> 0
P9: 法人名 | Q9: ='実績報告書(様式第４号)'!N10 -> 0
P10: 代表者職・氏名 | Q10: ='実績報告書(様式第４号)'!N11 -> 0
C13: 令和 | D13: ='実績報告書(様式第４号)'!D14 -> 0 | E13: 年香川県相談支援専門員等の安全確保に係る費用補助金交付請求書
B16: 令和 | D16: 年 | F16: 月 | H16: 日 | I16: 付け | N16: 号で額の確定があった標記補助金について、
A17: 次のとおり請求します。
A18: 記
A20: １ 交付請求額 | G20: 金 | H20: ='実績報告書(様式第４号別紙)'!P37 -> 0 | O20: 円
A22: ２ 口座番号
A23: 支払方法 | B23: 口座振替払 | I23: 銀行 | Q23: （支）店 | S23: 現金払 | U23: 隔地払 県外送金 | W23: 小切手払
C24: 預金種目 | E24: 当座 | G24: 普通 | I24: 口座番号
E25: FALSE | G25: FALSE
C26: フリガナ | S26: FALSE | U26: FALSE | W26: FALSE
C27: 口座名義
M29: 事務担当者
N30: 所属事業所名
N31: 責任者職・氏名
N32: 担当者職・氏名
N33: 連絡先電話番号

Sheet 実績報告書(様式第４号別紙)
A1: 様式第４号別紙（第12条関係）
B2: 事 業 実 績 内 訳 書 （ 別 紙 ）
A4: １ 補助精算額
C5: （単位：円）
B6: 補助精算額 | N6: 法人等名
B7: =P37 -> 0 | N7: ='実績報告書(様式第４号)'!L10 -> 0
A11: ２ 事業計画内訳 | P11: （単位：円）
B12: No | C12: 事業所名 | D12: 事業所番号 | E12: サービス種類 | F12: 受給者証番号 | G12: 利用者氏名 | H12: 暴力行為等を行う者の氏名 （利用者と異なる場合は続柄） | I12: 訪問した月 | J12: 訪問した日 | K12: 訪問結果 （暴力行為等を行う者の当日の様子、身の危険を感じたか等） | L12: 訪問した相談支援専門員の氏名 | M12: 同行した者の氏名 | N12: 同行した者の所属 | O12: 同行した者の職種 | P12: 補助金額
B13: 1 | C13: ◆◆相談支援事業所 | D13: 3732999999 | E13: 計画相談支援 | F13: xxxxxxxxxx | G13: ●● ●● | H13: ▲▲ ▲▲（父） | I13: 令和８年11月 | J13: ― | K13: ― | L13: ■■ ■■ | M13: ― | N13: ― | O13: ― | P13: ―
I14: 令和８年12月 | J14: 15日 | K14: 利用者様もお父様も落ち着いている様子であった。通常どおりモニタリングを実施し、特に身の危険等は感じなかった。 | M14: ▼▼ ▼▼ | N14: ◆◆相談支援事業所 | O14: 事務員 | P14: 5000
I15: 令和９年１月 | J15: ― | K15: ― | M15: ― | N15: ― | O15: ― | P15: ―
I16: 令和９年２月 | J16: 3日 | K16: お父様が、会話の途中でリモコンを投げたが、相談支援専門員及び警備員の身体には当たらなかったのでケガ等はなし。ただし、威圧的な態度による恐怖感はあった。 | M16: ◆◆ ◆◆ | N16: ××警備保障株式会社 | O16: 警備員 | P16: 5000
B17: 1 | C17: ='事業計画書（様式第１ー２号）相談支援'!C14 -> 0 | D17: ='事業計画書（様式第１ー２号）相談支援'!D14 -> 0 | E17: ='事業計画書（様式第１ー２号）相談支援'!E14 -> 0 | F17: ='事業計画書（様式第１ー２号）相談支援'!F14 -> 0 | G17: ='事業計画書（様式第１ー２号）相談支援'!G14 -> 0 | H17: ='事業計画書（様式第１ー２号）相談支援'!H14 -> 0 | I17: 令和８年11月 | L17: ='事業計画書（様式第１ー２号）相談支援'!J14 -> 0
I18: 令和８年12月
I19: 令和９年１月
I20: 令和９年２月
B21: 2 | C21: ='事業計画書（様式第１ー２号）相談支援'!C15 -> 0 | D21: ='事業計画書（様式第１ー２号）相談支援'!D15 -> 0 | E21: ='事業計画書（様式第１ー２号）相談支援'!E15 -> 0 | F21: ='事業計画書（様式第１ー２号）相談支援'!F15 -> 0 | G21: ='事業計画書（様式第１ー２号）相談支援'!G15 -> 0 | H21: ='事業計画書（様式第１ー２号）相談支援'!H15 -> 0 | I21: 令和８年11月 | L21: ='事業計画書（様式第１ー２号）相談支援'!J15 -> 0
I22: 令和８年12月
I23: 令和９年１月
I24: 令和９年２月
B25: 3 | C25: ='事業計画書（様式第１ー２号）相談支援'!C16 -> 0 | D25: ='事業計画書（様式第１ー２号）相談支援'!D16 -> 0 | E25: ='事業計画書（様式第１ー２号）相談支援'!E16 -> 0 | F25: ='事業計画書（様式第１ー２号）相談支援'!F16 -> 0 | G25: ='事業計画書（様式第１ー２号）相談支援'!G16 -> 0 | H25: ='事業計画書（様式第１ー２号）相談支援'!H16 -> 0 | I25: 令和８年11月 | L25: ='事業計画書（様式第１ー２号）相談支援'!J16 -> 0
I26: 令和８年12月
I27: 令和９年１月
I28: 令和９年２月
B29: 4 | C29: ='事業計画書（様式第１ー２号）相談支援'!C17 -> 0 | D29: ='事業計画書（様式第１ー２号）相談支援'!D17 -> 0 | E29: ='事業計画書（様式第１ー２号）相談支援'!E17 -> 0 | F29: ='事業計画書（様式第１ー２号）相談支援'!F17 -> 0 | G29: ='事業計画書（様式第１ー２号）相談支援'!G17 -> 0 | H29: ='事業計画書（様式第１ー２号）相談支援'!H17 -> 0 | I29: 令和８年11月 | L29: ='事業計画書（様式第１ー２号）相談支援'!J17 -> 0
I30: 令和８年12月
I31: 令和９年１月
I32: 令和９年２月
B33: 5 | C33: ='事業計画書（様式第１ー２号）相談支援'!C18 -> 0 | D33: ='事業計画書（様式第１ー２号）相談支援'!D18 -> 0 | E33: ='事業計画書（様式第１ー２号）相談支援'!E18 -> 0 | F33: ='事業計画書（様式第１ー２号）相談支援'!F18 -> 0 | G33: ='事業計画書（様式第１ー２号）相談支援'!G18 -> 0 | H33: ='事業計画書（様式第１ー２号）相談支援'!H18 -> 0 | I33: 令和８年11月 | L33: ='事業計画書（様式第１ー２号）相談支援'!J18 -> 0
I34: 令和８年12月
I35: 令和９年１月
I36: 令和９年２月
O37: 合計 | P37: =SUM(P17:P36) -> 0

Sheet 集計（編集禁止）
B1: 申請日 | C1: 法人名 | D1: 代表者職・氏名 | E1: 郵便番号 | F1: 所在地 | G1: 申請額 | H1: 交付決定額 | I1: 不許可額 | J1: 交付決定日 | K1: 交付決定文書番号 | L1: 変更交付決定額 | M1: 変更交付決定日 | N1: 変更交付決定文書番号 | O1: 実績報告日 | P1: 額の確定(金額) | Q1: 額の確定通知日付 | R1: 額の確定通知文書番号 | S1: ①事業所名 | T1: ①事業者番号 | U1: ①サービス種別 | V1: ①同行者職種 | W1: ①申請金額 | X1: ②事業所名 | Y1: ②事業者番号 | Z1: ②サービス種別 | AA1: ②同行者職種 | AB1: ②申請金額 | AC1: ③事業所名 | AD1: ③事業者番号 | AE1: ③サービス種別 | AF1: ③同行者職種 | AG1: ③申請金額 | AH1: ④事業所名 | AI1: ④事業者番号 | AJ1: ④サービス種別 | AK1: ④同行者職種 | AL1: ④申請金額 | AM1: ⑤事業所名 | AN1: ⑤事業者番号 | AO1: ⑤サービス種別 | AP1: ⑤同行者職種 | AQ1: ⑤申請金額 | AR1: 申請合計額
B2: ='交付申請書（様式第１ー１号）'!V4 -> 令和年月日 | C2: ='交付申請書（様式第１ー１号）'!N10 -> 0 | D2: ='交付申請書（様式第１ー１号）'!N11 -> 0 | E2: ='交付申請書（様式第１ー１号）'!N8 -> 0 | F2: ='交付申請書（様式第１ー１号）'!N9 -> 0 | G2: ='交付申請書（様式第１ー１号）'!G22 -> 0 | I2: =G2-H2 -> 0 | O2: ='実績報告書(様式第４号)'!V4 -> 令和年月日 | P2: ='実績報告書(様式第４号)'!G22 -> 0 | S2: ='事業計画書（様式第１ー２号）相談支援'!$C$14 -> 0 | T2: ='事業計画書（様式第１ー２号）相談支援'!$D$14 -> 0 | U2: ='事業計画書（様式第１ー２号）相談支援'!$E$14 -> 0 | V2: ='事業計画書（様式第１ー２号）相談支援'!$M$14 -> 0 | W2: ='事業計画書（様式第１ー２号）相談支援'!$P$14 -> 0 | X2: ='事業計画書（様式第１ー２号）相談支援'!$C$15 -> 0 | Y2: ='事業計画書（様式第１ー２号）相談支援'!$D$15 -> 0 | Z2: ='事業計画書（様式第１ー２号）相談支援'!$E$15 -> 0 | AA2: ='事業計画書（様式第１ー２号）相談支援'!$M$15 -> 0 | AB2: ='事業計画書（様式第１ー２号）相談支援'!$P$15 -> 0 | AC2: ='事業計画書（様式第１ー２号）相談支援'!$C$16 -> 0 | AD2: ='事業計画書（様式第１ー２号）相談支援'!$D$16 -> 0 | AE2: ='事業計画書（様式第１ー２号）相談支援'!$E$16 -> 0 | AF2: ='事業計画書（様式第１ー２号）相談支援'!$M$16 -> 0 | AG2: ='事業計画書（様式第１ー２号）相談支援'!$P$16 -> 0 | AH2: ='事業計画書（様式第１ー２号）相談支援'!$C$17 -> 0 | AI2: ='事業計画書（様式第１ー２号）相談支援'!$D$17 -> 0 | AJ2: ='事業計画書（様式第１ー２号）相談支援'!$E$17 -> 0 | AK2: ='事業計画書（様式第１ー２号）相談支援'!$M$17 -> 0 | AL2: ='事業計画書（様式第１ー２号）相談支援'!$P$17 -> 0 | AM2: ='事業計画書（様式第１ー２号）相談支援'!$C$18 -> 0 | AN2: ='事業計画書（様式第１ー２号）相談支援'!$D$18 -> 0 | AO2: ='事業計画書（様式第１ー２号）相談支援'!$E$18 -> 0 | AP2: ='事業計画書（様式第１ー２号）相談支援'!$M$18 -> 0 | AQ2: ='事業計画書（様式第１ー２号）相談支援'!$P$18 -> 0 | AR2: ='事業計画書（様式第１ー２号）相談支援'!P19 -> 0
